 Dungeon Crawl Stone Soup version 0.30-a0-776-g08fbeb92c1 (webtiles) character file.

Game seed: 14773711758868612957

462 LSt the Ruffian (level 6, -1/61 HPs)
             Began as a Troll Fighter on Feb 13, 2023.
             Was an Initiate of Trog.
             Slain by a water moccasin (7 damage)
             ... on level 5 of the Dungeon.
             The game lasted 00:12:19 (3019 turns).

LSt the Ruffian (Troll Fighter)                     Turns: 3019, Time: 00:12:19

Health: -1/61      AC:  4    Str: 27    XL:     6   Next: 79%
Magic:  5/5        EV:  9    Int:  4    God:    Trog [......]
Gold:   302        SH:  9    Dex: 15    Spells: 5/5 levels left

rFire   . . .      SeeInvis .      - Unarmed
rCold   . . .      Faith    .    m - +1 kite shield
rNeg    + . .      Spirit   .    a - +0 robe
rPois   .          Reflect  .    (helmet restricted)
rElec   .          Harm     .    (no cloak)
rCorr   .          Rampage  .    (gloves unavailable)
Will    .....                    (boots unavailable)
Stlth   +                        j - amulet of magic regeneration
HPRegen 1.10/turn                g - +6 ring of dexterity
MPRegen 0.49/turn                q - ring of positive energy

@: lethally poisoned (-1 -> -1)
A: large, unfitting armour, claws 3, regeneration 1, shaggy fur 1, tough skin 1
a: Renounce Religion


You were on level 5 of the Dungeon.
You worshipped Trog.
Trog was noncommittal.
You visited 2 branches of the dungeon, and saw 6 of its levels.

You collected 302 gold pieces.

Inventory:

Hand Weapons
 b - a +1 sling of freezing
 e - a +0 spear
 t - the +4 short sword of the Kidney {freeze, rF++ rN+}
   (You found it on level 3 of the Dungeon)

   rF:        It greatly protects you from fire.
   rN:        It protects you from negative energy.
 z - a +0 flail
Missiles
 d - 33 stones (quivered)
 B - 4 poisoned darts
Armour
 a - a +0 robe (worn)
 m - a +1 kite shield (worn)
Jewellery
 g - a +6 ring of dexterity (left claw)
 h - a ring of flight
 j - an amulet of magic regeneration (around neck)
 q - a ring of positive energy (right claw)
 y - a ring of fire
Wands
 n - a wand of roots (12)
Scrolls
 f - a scroll of teleportation
 i - a scroll of fog
 k - 3 scrolls of noise
 s - a scroll of amnesia {unknown}
 u - a scroll of butterflies {unknown}
 v - a scroll of enchant weapon
 w - a scroll of vulnerability {unknown}
 A - 3 scrolls of enchant armour
Potions
 c - 3 potions of might
 l - 3 potions of curing
 o - a potion of degeneration {unknown}
 p - a potion of lignification {unknown}
 r - 2 potions of haste {unknown}
 x - a potion of cancellation {unknown}
 C - a potion of berserk rage {unknown}


   Skills:
 + Level 3.3 Fighting
 - Level 2.4 Dodging
 - Level 2.6 Shields
 + Level 6.8 Unarmed Combat


You had 5 spell levels left.
You didn't know any spells.
Your spell library contained the following spells:

 Spells                   Type           Power      Damage    Failure   Level
 Apportation              Tloc           0%         N/A       80%         1
 Magic Dart               Conj           0%         1d3       80%         1
 Necrotise                Necr           0%         1d4       80%         1
 Sandblast                Erth           0%         2d4       80%         1
 Passwall                 Tmut/Erth      0%         N/A       91%         2
 Searing Ray              Conj           0%         2d4       91%         2
 Call Canine Familiar     Summ           0%         N/A       99%         3
 Portal Projectile        Hex/Tloc       0%         N/A       99%         3
 Stone Arrow              Conj/Erth      0%         3d7       99%         3
 Vampiric Draining        Necr           0%         2d6       99%         3
 Fulminant Prism          Conj/Hex       0%         3d5       100%        4
 Leda's Liquefaction      Hex/Erth       0%         N/A       100%        4
 Agony                    Necr           0%         N/A       100%        5
 Alistair's Intoxication  Tmut/Pois      0%         N/A       100%        5


Dungeon Overview and Level Annotations

Branches:
Dungeon (5/15)             Temple (1/1) D:5

Altars:
Elyvilon
Hepliaklqana
Okawaru
Qazlal
Trog
Vehumet
Xom
The Shining One

Annotations:
D:5 1 runed translucent door, exclusions: ogre and 1 more exclusion, Crazy Yiuf, Menkaure


Innate Abilities, Weirdness & Mutations

You are too large for most types of armour.
You have claws for hands.
Your natural rate of healing is unusually fast.
You are covered in fur. (AC +1)
You have tough skin. (AC +1)


Message History

You block the gnoll's attack.
You mangle the gnoll!!
You kill the gnoll!
Trog accepts your kill.
A gnoll sergeant comes into view.
It is wielding a +2 trident of protection.
Your surroundings suddenly seem different.
A water moccasin comes into view.
Press: ? - help, v - describe, . - travel
Here: a water moccasin (asleep)
The floor.
The helpless water moccasin fails to defend itself.
You claw the water moccasin!
The water moccasin is moderately wounded.
You block the water moccasin's attack. x2
You claw the water moccasin!
The water moccasin is heavily wounded.
The water moccasin bites you!
You are poisoned.
The water moccasin poisons you!
You barely miss the water moccasin.
The water moccasin is heavily wounded.
You feel very sick. You block the water moccasin's attack.
The water moccasin bites you.
* * * LOW HITPOINT WARNING * * *
You barely miss the water moccasin.
The water moccasin is heavily wounded.
You feel very sick. The water moccasin bites you.
* * * LOW HITPOINT WARNING * * *
You closely miss the water moccasin.
The water moccasin is heavily wounded.
You feel sick. The water moccasin barely misses you.
The water moccasin closely misses you.
You claw the water moccasin!
The water moccasin is almost dead.
You feel sick. The water moccasin barely misses you.
You closely miss the water moccasin.
The water moccasin is almost dead.
You feel sick. The water moccasin bites you!
You die...

......... .......
.......... #......
.......... ......
O......... #....#
......... #....# ##
......... . #....#
..#...........
#...#...#.........#.....
#.....@................
#.....S.####...........
..#.....## ####....
#.......# ##...
##..###.. ##.. #..# ##.
.#######.. ... .
.......... .. #.
.......... ..########


You could see a water moccasin.

Vanquished Creatures
  An ice beast (D:4)
  A phantom (D:5)
  A necrophage (D:5)
  A jelly (D:5)
  2 adders
  9 gnolls
  A shadow imp (D:5)
  An ufetubus (D:5)
  An orc (D:3)
  10 ball pythons
  5 endoplasms
  6 giant cockroaches
  11 goblins
  10 hobgoblins
  4 jackals
  2 kobolds
  5 quokkas (D:1)
  6 bats
  9 frilled lizards
  8 rats
94 creatures vanquished.

Notes
Turn   | Place    | Note
-------+----------+-------------------------------------------
     0 | D:1      | LSt the Troll Fighter began the quest for the Orb.
     0 | D:1      | Reached XP level 1. HP: 22/22 MP: 0/0
    66 | D:1      | Reached XP level 2. HP: 27/29 MP: 1/1
   166 | D:1      | Reached skill level 3 in Unarmed Combat
   457 | D:1      | Reached XP level 3. HP: 36/36 MP: 2/2
   748 | D:2      | Reached skill level 4 in Unarmed Combat
  1245 | D:3      | Reached XP level 4. HP: 34/44 MP: 3/3
  1481 | D:3      | Found a radiant altar of Vehumet.
  1535 | D:3      | Reached skill level 5 in Unarmed Combat
  1610 | D:3      | Identified the +4 short sword of the Kidney {freeze, rF++
                  | rN+}
  1694 | D:3      | Reached XP level 5. HP: 47/49 MP: 4/4
  2026 | D:4      | Noticed an ice beast
  2134 | D:4      | Killed an ice beast
  2135 | D:4      | Reached skill level 6 in Unarmed Combat
  2536 | D:5      | Entered Level 5 of the Dungeon
  2760 | D:5      | Found a runed translucent door.
  2761 | D:5      | Noticed Crazy Yiuf
  2789 | D:5      | Noticed a phantom
  2806 | D:5      | Killed a phantom
  2807 | D:5      | Reached XP level 6. HP: 59/59 MP: 5/5
  2846 | D:5      | Found a staircase to the Ecumenical Temple.
  2854 | Temple   | Entered the Ecumenical Temple
  2901 | Temple   | Became a worshipper of Trog the Wrathful
  3008 | D:5      | Noticed Menkaure
  3012 | D:5      | Noticed a water moccasin
  3019 | D:5      | Slain by a water moccasin

Illustrated notes

Levels and vault maps discovered:
D:1:      minmay_arrival_jagged, layout_rooms
D:2:      layout_loops_cross
D:3:      layout_basic, vehumet_crystals, solitary_fountain,
          minmay_fractal_squares_gapless_5
D:4:      layout_rooms
D:5:      layout_layer_cave, temple_green, palyth_stone_intersect,
          serial_bayou_lagoon_a, uniq_crazy_yiuf_cottage, uniq_menkaure
Temple:   nicolae_temple_ecumenical_triangle

Skill      XL: |  1  2  3  4  5  6 |
---------------+-------------------+-----
Unarmed Combat | 3 4 5 6 |  6.8
Fighting       | 3 |  3.3
Dodging        | |  2.4
Shields        | |  2.6

Action                     |  1- 3 |  4- 6 || total
---------------------------+-------+-------++-------
  Melee: Unarmed           |   118 |   107 ||   225
   Fire: Sling             |       |    15 ||    15
    Use: Scroll            |     5 |     3 ||     8
   Stab: Sleeping          |     2 |     1 ||     3
 Armour: Robe              |    27 |    14 ||    41
  Dodge: Dodged            |    31 |    26 ||    57
  Block: Kite shield       |    40 |    38 ||    78

Table legend: (Time is in decaauts)
 A = Elapsed time spent in this place.
 B = Non-inter-level travel time spent in this place.
 C = Inter-level travel time spent in this place.
 D = Time resting spent in this place.
 E = Time spent auto-exploring this place.
 F = Levels seen in this place.
 G = Mean time per level.
                   A        B        C        D        E       F      G
               +--------+--------+--------+--------+--------+-----+--------+
         Total |   3032 |   2753 |    279 |     11 |   2040 |   6 |  505.3 |
       Dungeon |   2975 |   2717 |    258 |     11 |   2010 |   5 |  595.0 |
        Temple |     56 |     35 |     21 |      0 |     30 |   1 |   56.0 |
               +--------+--------+--------+--------+--------+-----+--------+

Top non-repeatable levels by time:
     D:3: 851 daAuts
     D:2: 688 daAuts
     D:1: 535 daAuts
     D:4: 473 daAuts
     D:5: 427 daAuts
  Temple: 56 daAuts
